 Dungeon Crawl Stone Soup version 0.20-a0-1078-g4874019 (webtiles) character file.

6468 FastMan the Severer (level 10, -2/97 HPs)
             Began as a Minotaur Berserker on May 1, 2017.
             Was a High Priest of Trog.
             Slain by a yak (9 damage)
             ... on level 9 of the Dungeon.
             The game lasted 00:05:44 (5163 turns).

FastMan the Severer (Minotaur Berserker)            Turns: 5163, Time: 00:05:45

Health: -2/97      AC: 13    Str: 23    XL:     10   Next: 68%
Magic:  9/9        EV:  7    Int:  4    God:    Trog [*****.]
Gold:   283        SH:  0    Dex: 12    Spells: 9/9 levels left

rFire    . . .     SeeInvis .   q - +1 war axe
rCold    . . .     Gourm    .   (no shield)
rNeg     . . .     Faith    .   o - +1 plate armour
rPois    +         Spirit   .   (helmet restricted)
rElec    .         Reflect  .   a - +0 cloak
rCorr    .         Harm     .   (no gloves)
MR       .....                  (no boots)
Stlth    ..........             (no amulet)
Regen    0.3/turn               D - ring of poison resistance
MPRegen  0.2/turn               (no ring)

@: slowed, very slow
A: retaliatory headbutt, horns 2
a: Berserk, Trog's Hand, Brothers in Arms, Burn Spellbooks, Renounce Religion


You were on level 9 of the Dungeon.
You worshipped Trog.
Trog was extremely pleased with you.
You were hungry.

You visited 1 branch of the dungeon, and saw 9 of its levels.

You collected 322 gold pieces.
You spent 39 gold pieces at shops.

Inventory:

Hand Weapons
 q - a +1 war axe (weapon)
Armour
 a - a +0 cloak (worn)
 o - a +1 plate armour (worn)
Jewellery
 e - an uncursed ring of see invisible {unknown}
 l - an uncursed ring of protection from cold {unknown}
 D - a ring of poison resistance (left hand)
Scrolls
 f - 7 scrolls of remove curse {@r2}
 h - a scroll of blinking {unknown}
 n - 2 scrolls of magic mapping
 r - a scroll of fog
 t - a scroll of fear {unknown}
 u - a scroll of immolation {unknown}
 w - 2 scrolls of enchant weapon
 x - 2 scrolls of teleportation {@r3}
 y - a scroll of silence {unknown}
Potions
 b - a potion of haste {@q3}
 g - 2 potions of invisibility
 i - 2 potions of cancellation
 j - a potion of brilliance {@q6}
 k - 5 potions of curing {@q1}
 m - a potion of degeneration {unknown}
 p - 2 potions of heal wounds {@q2}
 v - a potion of might {@q4}
 E - a potion of flight
Comestibles
 c - 2 bread rations {@e1}
 d - 12 fruits {@e4}
 s - 3 royal jellies {@e3}
 B - 3 meat rations {@e2}


   Skills:
 + Level 11.7 Fighting
 * Level 15.2 Axes
 - Level 2.4 Armour
 - Level 2.1 Dodging


You had 9 spell levels left.
You didn't know any spells.

Dungeon Overview and Level Annotations

Branches:
Dungeon (9/15)             Temple (0/1) D:4
   Lair: D:8-11         Orc: D:9-12

Altars:
Fedhas
Gozag
Kikubaaqudgha
Makhleb
Qazlal
Ru
Uskayaw
Zin

Shops:
D:4 ?*[


Innate Abilities, Weirdness & Mutations

You reflexively headbutt those who attack you in melee.
You have a pair of horns on your head.


Message History

* * * LOW HITPOINT WARNING * * *
The yak gores you.
* * * LOW HITPOINT WARNING * * *
The yak gores you.
* * * LOW HITPOINT WARNING * * *
The yak closely misses you.
You barely miss the yak.
The yak is moderately wounded.
You slash the yak! The yak gores you but does no damage. The yak gores you.
* * * LOW HITPOINT WARNING * * *
You hit the yak but do no damage. Your headbutt misses the yak.
The yak is moderately wounded.
You slash the yak! The yak gores you but does no damage. The yak gores you.
* * * LOW HITPOINT WARNING * * *
Your plate armour prevents you from hitting the yak.
The yak is moderately wounded.
You hit the yak. The yak gores you.
* * * LOW HITPOINT WARNING * * *
The yak gores you!
You die...

####.######.....##
#.# ##...## #.#
##.## #.# #.# #.#
#.# #.# ##'## #.#
##.†.## #.#
##.YY..##
##...@...##
#.........#
+.........+
#.........#
##[......##
##.=...## ##...##
##+##


You could see 2 yaks.

Vanquished Creatures
  2 two-headed ogres (D:8)
  Pikel (D:4)
  Maurice (D:8)
  Psyche (D:8)
  A hippogriff (D:8)
  A shadow (D:8)
  A wraith (D:6)
  4 yaks (D:9)
  A wyvern (D:8)
  A hungry ghost (D:7)
  A water moccasin (D:7)
  An orc warrior (D:7)
  A phantom (D:7)
  A black bear (D:7)
  2 sky beasts
  A slave (D:4)
  A big kobold (D:8)
  5 bullfrogs
  A scorpion (D:8)
  A killer bee (D:6)
  2 vampire bats (D:4)
  A howler monkey (D:8)
  4 crimson imps
  A centaur zombie (D:6)
  3 jellies
  2 gnoll shamans
  3 hounds
  2 quasits
  3 bullfrog skeletons
  6 orc priests
  2 iguanas
  Natasha (twice) (D:2)
  10 orc wizards
  3 worker ants
  2 hound skeletons
  Robin (D:2)
  2 worker ant zombies (D:6)
  11 gnolls
  10 adders
  2 howler monkey skeletons
  2 shadow imps
  An adder skeleton (D:4)
  A worm (D:5)
  A dart slug (D:1)
  A leopard gecko (D:5)
  27 orcs
  A ball python (D:2)
  13 bats
  6 giant cockroaches
  16 goblins
  6 hobgoblins
  2 jackals (D:6)
  4 quokkas
  4 frilled lizards
  A jackal zombie (D:8)
  11 kobolds
  A leopard gecko skeleton (D:4)
  A quokka zombie (D:8)
  4 rats
204 creatures vanquished.

Notes
Turn   | Place    | Note
-------+----------+-------------------------------------------
     0 | D:1      | FastMan the Minotaur Berserker began the quest for the Orb.
     0 | D:1      | Reached XP level 1. HP: 19/19 MP: 0/0
   127 | D:1      | Reached skill level 4 in Axes
   167 | D:1      | Reached XP level 2. HP: 24/27 MP: 1/1
   262 | D:2      | Reached XP level 3. HP: 29/33 MP: 2/2
   383 | D:2      | Noticed Natasha
   387 | D:2      | Killed Natasha
   387 | D:2      | Reached skill level 5 in Axes
   469 | D:2      | Found a sacrificial altar of Ru.
   545 | D:2      | Reached XP level 4. HP: 41/41 MP: 3/3
   547 | D:2      | Found an opulent altar of Gozag.
   560 | D:2      | Reached ** piety under Trog
   640 | D:2      | Noticed Natasha
   646 | D:2      | Killed Natasha
   723 | D:2      | Noticed Robin
   738 | D:2      | Reached skill level 6 in Axes
   741 | D:2      | Killed Robin
   741 | D:2      | Reached XP level 5. HP: 31/47 MP: 4/4
  1021 | D:3      | Reached skill level 5 in Fighting
  1262 | D:3      | Reached skill level 7 in Axes
  1262 | D:3      | Reached XP level 6. HP: 56/56 MP: 5/5
  1344 | D:3      | Reached *** piety under Trog
  1588 | D:4      | Found Arrillaf's Antique Armour Shop.
  1670 | D:4      | Found a staircase to the Ecumenical Temple.
  1682 | D:4      | Found Eghud's General Store.
  1686 | D:4      | Reached skill level 8 in Axes
  1712 | D:4      | Reached XP level 7. HP: 48/63 MP: 6/6
  1732 | D:4      | Noticed Pikel
  1741 | D:4      | Killed Pikel
  1741 | D:4      | Reached skill level 9 in Axes
  1862 | D:4      | Found a burning altar of Makhleb.
  1868 | D:4      | Reached XP level 8. HP: 71/73 MP: 7/7
  1899 | D:4      | Found Toled's Magic Scroll Shop.
  1902 | D:4      | Bought a scroll of teleportation for 39 gold pieces
  1966 | D:4      | Reached skill level 10 in Axes
  2057 | D:5      | Entered Level 5 of the Dungeon
  2147 | D:5      | Reached **** piety under Trog
  2244 | D:5      | Noticed a hand axe
  2245 | D:5      | Noticed a dagger
  2246 | D:5      | Found a hide-covered altar of Uskayaw.
  2538 | D:5      | Reached skill level 11 in Axes
  3668 | D:7      | Reached XP level 9. HP: 82/83 MP: 8/8
  3697 | D:7      | Reached skill level 12 in Axes
  4090 | D:7      | Found a blossoming altar of Fedhas.
  4115 | D:7      | Found a stormy altar of Qazlal.
  4369 | D:8      | Found a glowing silver altar of Zin.
  4383 | D:8      | Reached skill level 10 in Fighting
  4437 | D:8      | Found an ancient bone altar of Kikubaaqudgha.
  4442 | D:8      | Noticed Psyche
  4449 | D:8      | Killed Psyche
  4449 | D:8      | Reached ***** piety under Trog
  4449 | D:8      | Reached skill level 13 in Axes
  4575 | D:8      | Noticed a two-headed ogre
  4603 | D:8      | Killed a two-headed ogre
  4603 | D:8      | Reached skill level 14 in Axes
  4603 | D:8      | Reached XP level 10. HP: 41/94 MP: 9/9
  4621 | D:8      | Noticed Maurice
  4638 | D:8      | Killed Maurice
  4805 | D:8      | Noticed a two-headed ogre
  4866 | D:8      | Killed a two-headed ogre
  5145 | D:9      | Reached skill level 15 in Axes
  5163 | D:9      | Slain by a yak

Vault maps used:
D:1:      minmay_arrival_radiant_lines
D:2:      marbit_many_paths, lemuel_round_altar, old_standard_altar,
          first_bread, uniq_robin, uniq_natasha
D:3:      small_statue_intersection, hangedman_decor_riveting,
          grunt_decor_arrowhead
D:4:      makhleb_blood_cavern_becter, minmay_temple_entry_purple_smoke,
          serial_shops, nicolae_shop_crystal, nicolae_shop_behind_doors, shop,
          kennysheep_mini, minmay_guarded_unrand_vampires_tooth, uniq_pikel
D:5:      dancing_weapons_uskayaw
D:6:      kb_rosetta
D:7:      kennysheep_mini_moat, grunt_dithmenos_shadows, fedhas_altar_3
D:8:      nicolae_overflow_crystal_walls, lemuel_crystal_altar, uniq_maurice,
          uniq_psyche
D:9:      kennysheep_little_box, minmay_checkerbox

Skill      XL: |  1  2  3  4  5  6  7  8  9 10 |
---------------+-------------------------------+-----
Axes           | 4 5 6 7 8 9 11 14 15 | 15.2
Fighting       | 4 5 6 7 9 10 11 | 11.7
Armour         | |  2.4
Dodging        | |  2.1

Action                   |  1- 3 |  4- 6 |  7- 9 | 10-12 || total
-------------------------+-------+-------+-------+-------++-------
Melee: Hand axe          |    41 |    60 |       |       ||   101
       Headbutt          |     4 |    22 |    62 |    18 ||   106
       War axe           |       |    61 |   265 |    67 ||   393
Invok: Berserk           |       |     1 |     3 |     3 ||     7
       Trog's Hand       |       |       |     1 |     2 ||     3
  Use: Scroll            |       |       |    16 |       ||    16
  Eat: Chunk             |       |     4 |     5 |     5 ||    14
       Bread ration      |       |       |     2 |       ||     2
Armor: Chain mail        |     7 |       |       |       ||     7
       Animal skin       |     1 |       |       |       ||     1
       Scale mail        |     7 |    67 |    33 |       ||   107
       Plate armour      |       |       |   102 |    50 ||   152
Dodge: Dodged            |    19 |    86 |    97 |    25 ||   227
